 Dungeon Crawl Stone Soup version 0.30.1-11-g7821555f0a (webtiles) character file.

Game seed: 17210224557517759385

315 booth the Ruffian (level 6, 0/91 HPs)
             Began as a Troll Fighter on Nov 26, 2023.
             Slain by Edmund
             ... wielding a +3 dire flail of protection
              (8 damage)
             ... on level 4 of the Dungeon.
             The game lasted 00:16:18 (2951 turns).

booth the Ruffian (Troll Fighter)                   Turns: 2951, Time: 00:16:19

Health: 0/91       AC:  4    Str: 25    XL:     6   Next: 20%
Magic:  5/5        EV:  9    Int:  6    God:
Gold:   57         SH:  8    Dex:  9    Spells: 5/5 levels left

rFire   . .          .
                       - Unarmed
rCold   . . .        b - +0 kite shield
rNeg    . . .        a - +0 robe
rPois   .            (helmet restricted)
rElec   .            (no cloak)
rCorr   .            (gloves unavailable)
SInv    .            (boots unavailable)
Will    .....        (no amulet) Stlth
                     d - ring of flight
HPRegen 1.15/turn    (no ring)
MPRegen 0.09/turn

%: no passive effects
@: berserking (expiring), flying, very quick
A: large, unfitting armour, claws 3, regeneration 1, shaggy fur 1, tough skin 1
a: no special abilities


You were on level 4 of the Dungeon.
You visited 1 branch of the dungeon, and saw 4 of its levels.

You collected 147 gold pieces.
You spent 90 gold pieces at shops.

Inventory:

Hand Weapons
 h - a +0 whip
 r - a +0 war axe
 u - a +0 mace
Armour
 a - a +0 robe (worn)
 b - a +0 kite shield (worn)
Jewellery
 d - a ring of flight (left claw)
Wands
 f - a wand of flame (23)
Scrolls
 e - 6 scrolls of teleportation
 j - a scroll of fear
 l - a scroll of immolation {unknown}
 p - a scroll of fog
 s - a scroll of summoning {unknown}
Potions
 c - a potion of might
 g - a potion of lignification
 i - 6 potions of curing
 m - 2 potions of brilliance
 n - a potion of magic
 o - a potion of mutation {unknown}
 q - a potion of heal wounds


   Skills:
 + Level 3.4 Fighting
 + Level 1.5 Throwing
 - Level 2.5 Dodging
 + Level 3.8 Shields
 * Level 4.5 Unarmed Combat


You had 5 spell levels left.
You didn't know any spells.
Your spell library contained the following spells:

 Spells                   Type           Power      Damage    Failure   Level
 Shock                    Conj/Air       0%         1d3       71%         1
 Swiftness                Air            0%         N/A       97%         3
 Airstrike                Air            0%         2d(0-16)  100%        4


Dungeon Overview and Level Annotations

Branches:
Dungeon (4/15)
 Temple: D:4-7

Altars:
Ru
Zin

Annotations:
D:4 Edmund


Innate Abilities, Weirdness & Mutations

You are too large for most types of armour.
You have claws for hands.
Your natural rate of healing is unusually fast.
You are covered in fur. (AC +1)
You have tough skin. (AC +1)


Message History

Edmund closely misses you.
You barely miss Edmund.
Edmund is lightly wounded.
The orc shouts!
Edmund hits you with a +3 dire flail of protection!
You scratch Edmund.
Edmund is moderately wounded.
You block Edmund's attack.
A red film seems to cover your vision as you go berserk!
You feel yourself moving faster!
You feel mighty!
Edmund hits you with a +3 dire flail of protection.
You claw Edmund!
Edmund is heavily wounded.
You barely miss Edmund.
Edmund is heavily wounded.
Edmund closely misses you.
You claw Edmund!
Edmund is severely wounded.
Edmund drinks a potion.
Edmund is healed!
You scratch Edmund.
Edmund is lightly wounded.
You scratch Edmund but do no damage.
Edmund is lightly wounded.
Edmund hits you with a +3 dire flail of protection!
* * * LOW HITPOINT WARNING * * *
You completely miss Edmund.
Edmund is lightly wounded.
Edmund hits you with a +3 dire flail of protection!
* * * LOW HITPOINT WARNING * * *
You claw Edmund!
Edmund is moderately wounded.
You mangle Edmund!!
Edmund is almost dead.
Edmund hits you with a +3 dire flail of protection!
* * * LOW HITPOINT WARNING * * *
You are too berserk!
You closely miss Edmund.
Edmund is almost dead.
Edmund hits you with a +3 dire flail of protection!
You die...

##..............###............#
##.........####..###......#....
#.....###.## ###..############
#.........# ###..#.......#.
#...##..... ##.'..8⌠8.†'.
##...#.....# ###..#..[....#.
#...........## ###..############
##..[..##..##.###..###
.#....##.....oo@@###
.............#####
...##.......## ..###.......# ..#
##......# #.# ##....@# ..#
#............ ..# #.##.oo...#..
..# #.. #......#


You could see Edmund and 2 orcs.

Vanquished Creatures
  Sigmund (D:3)
  A hound (D:4)
  Jessica (D:2)
  Terence (D:2)
  An adder (D:3)
  2 dart slugs (D:3)
  4 orcs
  3 ball pythons
  3 bats (D:1)
  3 endoplasms (D:3)
  5 giant cockroaches
  4 goblins
  3 hobgoblins
  2 jackals (D:1)
  2 quokkas
  A frilled lizard (D:2)
  6 kobolds
  6 rats
49 creatures vanquished.

Notes
Turn   | Place    | Note
-------+----------+-------------------------------------------
     0 | D:1      | booth the Troll Fighter began the quest for the Orb.
     0 | D:1      | Reached XP level 1. HP: 22/22 MP: 0/0
   428 | D:1      | Reached XP level 2. HP: 29/29 MP: 1/1
  1011 | D:2      | Noticed Jessica
  1013 | D:2      | Killed Jessica
  1014 | D:2      | Reached XP level 3. HP: 36/36 MP: 2/2
  1316 | D:2      | Reached skill level 3 in Unarmed Combat
  1330 | D:2      | Noticed Terence
  1345 | D:2      | Killed Terence
  1346 | D:2      | Reached XP level 4. HP: 29/44 MP: 3/3
  2194 | D:3      | Found a sacrificial altar of Ru.
  2207 | D:3      | Noticed Sigmund
  2226 | D:3      | Killed Sigmund
  2227 | D:3      | Reached skill level 1 in Throwing
  2227 | D:3      | Reached skill level 4 in Unarmed Combat
  2227 | D:3      | Reached XP level 5. HP: 45/53 MP: 4/4
  2416 | D:3      | Found Zin's Purification Station.
  2420 | D:3      | Found a glowing silver altar of Zin.
  2437 | D:3      | Reached XP level 6. HP: 61/61 MP: 5/5
  2441 | D:3      | Bought a potion of curing for 90 gold pieces
  2912 | D:4      | Noticed Edmund
  2951 | D:4      | Slain by Edmund

Illustrated notes

Levels and vault maps discovered:
D:1:      scummos_arrival_forest, layout_loops_corners
D:2:      layout_loops_corners, uniq_terence, uniq_jessica
D:3:      layout_basic, zin_purify, nicolae_ru_sacrificial_ziggurat,
          uniq_sigmund
D:4:      layout_cave_pools, serial_shops, nicolae_shop_drivethru,
          grunt_decor_clamped, uniq_edmund

Skill      XL: |  1  2  3  4 |
---------------+-------------+-----
Shields        | 3 |  3.8
Unarmed Combat | 3 4 |  4.5
Fighting       | 3 |  3.4
Throwing       | 1 |  1.5
Dodging        | |  2.5

Action                     |  1- 3 |  4- 6 || total
---------------------------+-------+-------++-------
  Melee: Unarmed           |    60 |    96 ||   156
    Use: Scroll            |     4 |     5 ||     9
         Potion            |     2 |     2 ||     4
 Armour: Robe              |    19 |    20 ||    39
  Dodge: Dodged            |    14 |    22 ||    36
  Block: Kite shield       |    19 |    27 ||    46
